 Dungeon Crawl Stone Soup version 0.14.0-12-g87ee3b7 (console) character file.

387 xw the Chopper (level 6, -2/37 HPs)
             Began as a Gargoyle Berserker on Apr 16, 2014.
             Was a Priest of Trog.
             Killed from afar by ViashinoWizard's ghost (23 damage)
             ... with a stone arrow
             ... on Level 4 of the Dungeon.
             The game lasted 00:01:20 (3623 turns).

xw the Chopper (Gargoyle Berserker)                 Turns: 3623, Time: 00:01:20

HP  -2/37        AC 10     Str 20      XL: 6   Next:  9%
MP   6/6         EV 10     Int  8      God: Trog [***...]
Gold 145         SH  0     Dex 11      Spells:  0 memorised,  5 levels left

rFire  . . .     SeeInvis .     h - +2,+0 hand axe (elec)
rCold  . . .     Clarity  .     f - +0 ring mail
rNeg   + . .     Conserve .     (no shield)
rPois  +         rCorr    .     (no helmet)
rElec  +         rRot     +     k - +0 cloak
SustAb . .       Spirit   .     (no gloves)
rMut   .         Warding  .     (no boots)
Saprov . . .     Stasis   .     (no amulet)
MR     .....                    (no ring)
                                (no ring)

@: not resistant to hostile enchantments, extremely unstealthy
A: life protection 1, electricity resistance, unbreathing, petrification
resistance, AC +4
a: Burn Spellbooks, Berserk, Trog's Hand, Renounce Religion


You were on level 4 of the Dungeon.
You worshipped Trog.
Trog was most pleased with you.
You were not hungry.

You visited 1 branch of the dungeon, and saw 4 of its levels.

You collected 145 gold pieces.

Inventory:

Hand weapons
 h - a +2,+0 hand axe of electrocution (weapon)
 Y - a +0,+1 hand axe {mapnotes,}
Armour
 b - a +0 chain mail
 e - a storm dragon hide
 f - a +0 ring mail (worn)
 k - a +0 cloak (worn)
 n - a +2 scale mail
Comestibles
 c - a bread ration
 g - a chunk of kobold flesh
 i - a meat ration
 l - 4 rotting chunks of orc flesh
Scrolls
 a - 2 scrolls of identify
 d - a scroll of remove curse
Potions
 j - a potion of curing
 m - a potion of brilliance {unknown}


   Skills:
 - Level 3.2 Fighting
 * Level 6.0 Axes
 - Level 2.1 Armour
 - Level 1.5 Dodging


You had 5 spell levels left.
You didn't know any spells.

Dungeon Overview and Level Annotations

Branches:
Dungeon (4/15)
 Temple: D:4-7

Altars:
The Shining One

Annotations:
D:4 ViashinoWizard's ghost, experienced DrEE


Innate Abilities, Weirdness & Mutations

You are resistant to torment.
You are immune to poison.
You are immune to rotting.
Your stone body is very resilient (AC +4).
You resist negative energy.
You are resistant to electric shocks.
You can survive without breathing.
You are immune to petrification.


Message History

3614 ||| found mon behind water/lava
3614 ||| ignoring ViashinoWizard's ghost
3614 ||| found mon behind water/lava
3614 ||| turn
3614 ||| turn
3615 ||| turn ViashinoWizard's ghost casts a spell at you.
3616 ||| turn
3617 ||| turn ViashinoWizard's ghost gestures at you while chanting.
3618 ||| turn
3619 ||| turn ViashinoWizard's ghost gestures at you while chanting.
3620 ||| turn
3621 ||| turn
3622 ||| turn ViashinoWizard's ghost points at you and mumbles some strange words.
3623 ||| turn ViashinoWizard's ghost gestures at you while chanting.
You die...

#. #####.
#####.....
##.........
#......##..
#######.......#.#
##............##.#
#..#####.....###.#
#9## #.....# #.#
##p.~## #..##.#
#.# #~...~#
#.........#
.#.._..'. ..##...#
## #.#~#..#######
... # #.##~.~~# #
# ###+### # + #


You could see ViashinoWizard's ghost.

Vanquished Creatures
  An orc priest (D:4)
  A worker ant (D:4)
  6 adders
  4 gnolls (D:3)
  2 worms
  2 oozes
  10 orcs
  3 giant cockroaches
  7 goblins
  8 hobgoblins
  6 kobolds
  7 bats
  3 giant geckos (D:1)
  4 giant newts
  A quokka (D:3)
  13 rats
78 creatures vanquished.

Notes
Turn   | Place    | Note
--------------------------------------------------------------
     0 | D:1      | xw, the Gargoyle Berserker, began the quest for the Orb.
     0 | D:1      | Reached XP level 1. HP: 14/14 MP: 1/1
     1 | D:1      | found mon behind water/lava
     1 | D:1      | ignoring rat
     1 | D:1      | found mon behind water/lava
     9 | D:1      | Fleeing towards (-1,1) corridor
    18 | D:1      | Fleeing towards (1,-2) corridor
    19 | D:1      | Fleeing towards (-1,0) corridor
    20 | D:1      | Fleeing towards (0,1) corridor
   289 | D:1      | Reached XP level 2. HP: 16/19 MP: 2/2
   541 | D:1      | Fleeing towards (0,-1) corridor
   957 | D:1      | Reached XP level 3. HP: 15/23 MP: 3/3
  1008 | D:1      | FLEEEEING
  1009 | D:1      | FLEEEEING
  1289 | D:1      | TESTING POTIONS
  1290 | D:1      | TESTING SCROLLS
  1291 | D:1      | TESTING SCROLLS
  1292 | D:1      | New armour: ring mail (910)
  1292 | D:1      | Old armour: +0 animal skin (10)
  1300 | D:1      | Dropping junk armour
  1301 | D:1      | Dropping junk armour
  1636 | D:2      | Reached skill level 4 in Axes
  1778 | D:2      | Fleeing towards (-1,-1) corridor
  1836 | D:2      | Acquired Trog's second power
  1962 | D:2      | Reached XP level 4. HP: 19/28 MP: 4/4
  2241 | D:2      | TESTING SCROLLS
  2646 | D:3      | Reached skill level 5 in Axes
  2731 | D:3      | Reached XP level 5. HP: 32/32 MP: 5/5
  3259 | D:3      | TESTING SCROLLS
  3260 | D:3      | TESTING SCROLLS
  3261 | D:3      | New armour: cloak (10)
  3263 | D:3      | UPGRADING WEAPON TO hand axe of electrocution
  3275 | D:4      | Fleeing towards (-1,-3) corridor
  3600 | D:4      | Reached skill level 6 in Axes
  3600 | D:4      | Reached XP level 6. HP: 37/37 MP: 6/6
  3614 | D:4      | Noticed ViashinoWizard's ghost (experienced DrEE)
  3614 | D:4      | found mon behind water/lava
  3614 | D:4      | ignoring ViashinoWizard's ghost
  3614 | D:4      | found mon behind water/lava
  3614 | D:4      | Found a glowing golden altar of the Shining One.
  3623 | D:4      | Killed from afar by ViashinoWizard's ghost

Action                   |  1- 3 |  4- 6 || total
-------------------------+-------+-------++-------
Melee: Hand axe          |   167 |   157 ||   324
Invok: Berserk           |     3 |     2 ||     5
  Use: Scroll            |     2 |     3 ||     5
       Potion            |     1 |       ||     1

Vault maps used:
D:1:      ncdulo_watergridlock
D:2:      serial_bayou_crossing
D:3:      nicolae_overflow_hidden_temple
D:4:      kennysheep_little_box, temple_green, uniq_blork_the_orc
